 Dungeon Crawl Stone Soup version 0.31-a0-795-g5eb97db20b (webtiles) character file.

Game seed: 9645740397127938020

421 demibob the Spear-Bearer (level 6, 0/47 HPs)
             Began as a Merfolk Chaos Knight on Sept 19, 2023.
             Was a Plaything of Xom.
             Killed from afar by a lich (47 damage)
             ... with a bolt of cold
             ... on level 1 of the Abyss.
             The game lasted 00:07:56 (2817 turns).

demibob the Spear-Bearer (Merfolk Chaos Knight)     Turns: 2817, Time: 00:07:56

Health: 0/47       AC:  6    Str: 17      XL:     6   Next: 94%
Magic:  6/6        EV: 12    Int:  8 (10) God:    Xom [*.....]
Gold:   288        SH:  0    Dex: 14      Spells: 5/5 levels left

rFire   . . .        a - +1 spear (chaos)
rCold   . . .        (no shield)
rNeg    . . .        b - +2 leather armour
rPois   .            (no helmet)
rElec   .            (no cloak)
rCorr   .            h - +0 pair of gloves
SInv    +            (no boots)
Will    .....        (no amulet)
Stlth   +            (no ring)
HPRegen 0.27/turn    (no ring)
MPRegen 0.10/turn

%: no passive effects
@: mighty
A: (nimble swimmer 2), mertail, see invisible, strong 1
a: Renounce Religion


You were on level 1 of the Abyss.
You worshipped Xom.
You were a special plaything of Xom.
You visited 1 branch of the dungeon, and saw 4 of its levels.
You visited the Abyss 1 time.
You also visited: Sewer.

You collected 288 gold pieces.


Innate Abilities, Weirdness & Mutations

((You are very nimble when in or above water. (Stealth+, EV+, Speed+++)))
Your lower body shifts to a powerful aquatic tail in water.
You have supernaturally acute eyesight. (SInv)
Your muscles are strong. (Str +4, Int/Dex -1)


   Skills:
 - Level 3.2 Fighting
 + Level 9.6 Polearms
 - Level 0.6 Armour
 - Level 2.6 Dodging
 + Level 1.5 Evocations


You had 5 spell levels left.
You didn't know any spells.
Your spell library was empty.

Inventory:

Hand Weapons
 a - a +1 spear of chaos (weapon)
Missiles
 m - a throwing net {=f}
Armour
 b - a +2 leather armour (worn)
 h - a +0 pair of gloves (worn)
Jewellery
 F - a ring of fire
Wands
 d - a wand of flame (9)
Scrolls
 c - a scroll of butterflies
 i - 2 scrolls of fear
 n - 2 scrolls of revelation
Potions
 f - a potion of curing {unknown}
 g - a potion of lignification
 j - a potion of might
 k - a potion of cancellation
 l - a potion of enlightenment {unknown}
 q - 2 potions of brilliance
Miscellaneous
 p - a condenser vane (inert)

Dungeon Overview and Level Annotations

Branches:
Dungeon (4/15)              Sewer (visited)
 Temple: D:4-7

Altars:
Trog
The Shining One

▓ ░. ▒ ▒ . #.▒ #
.▒...▒ ..▒ .#▒#
..▒.###...▓
▒....##▒... .▒.. .
#.##... .▒.#..▒▒..
░... ...#▓.▒.▒.▒ ▒▓
▒ #▓.##§▒.░@....▓░▓
. . ..▓§▒L.......▒
###▒ #.
..▓.░#▒▒...#..▒....
##░. ▒.▒ .
▒.▒#.▒▒#.. #▒.# . ▒
.▒ ▓.#....▓ ... #.
▒# 3.
░..▒.#.▓▒...▒▒ #▒.#
▒. #.....▒. ....▒ ░
. ▓.▓#..#░..##░▒▒ .
.# ▓... ░.▒


You could see a lich.


Message History

The hellwing looks rather confused.
Unknown command.
As you read the scroll of fog, it dissolves into smoke. "You have displeased me, mortal."
You feel dopey.
The orange demon screeches!
Unknown command.
As you read the scroll of teleportation {@r2}, it crumbles to dust.
You feel strangely unstable.
You feel the power of the Abyss delaying your translocation!
You are suddenly pulled into a different region of the Abyss!
Okay, then.
A ynoxinul comes into view.
A lich comes into view.
The lich shouts!
You hear a bellow!
Press: ? - help, v - describe, . - travel The floor.
There is a cloud of translocational energy here.
The lich attacks as it pursues you!
The lich touches you but does no damage.
You feel very mighty all of a sudden.
You hit the lich but do no damage.
The lich touches you but does no damage.
You puncture the lich!
The lich is unaffected.
The lich is lightly damaged.
The lich casts a spell at you. The bolt of cold hits you!!!
Ouch! That really hurt!
You die...
Xom titters!

Skill      XL: |  1  2  3  4  5  6 |
---------------+-------------------+-----
Polearms       | 6 8 9 |  9.6
Evocations     | 1 |  1.5
Fighting       | |  3.2
Armour         | |  0.6
Dodging        | |  2.6

Action                     |  1- 3 |  4- 6 || total
---------------------------+-------+-------++-------
  Melee: Spear             |    30 |   217 ||   247
         Punch             |       |     3 ||     3
  Evoke: Wand              |       |     2 ||     2
         Condenser vane    |       |     1 ||     1
    Use: Scroll            |       |    15 ||    15
         Potion            |       |     1 ||     1
   Stab: Sleeping          |       |     7 ||     7
 Armour: Leather armour    |     5 |    45 ||    50
  Dodge: Dodged            |    12 |    58 ||    70

Levels and vault maps discovered:
D:1:      heliophobic_arrival_henge, layout_loops_cross, grunt_decor_resistance,
          nrook_uturn
D:2:      layout_rooms, shapermc_ecumenical_altar_mp_urbaneastern, uniq_sigmund
D:3:      layout_loops_ring, nicolae_tso_besieged_by_evil,
          cheibrodos_sewer_entry_sluice
D:4:      layout_basic, lemuel_coloured_pillars_altar, lemuel_crystal_altar,
          kennysheep_generic_room_14
Abyss:1:  base: Temple, evilmike_abyss_exit_vortex

Notes
Turn   | Place    | Note
-------+----------+-------------------------------------------
     0 | D:1      | demibob the Merfolk Chaos Knight began the quest for the
                  | Orb.
     0 | D:1      | Reached XP level 1. HP: 18/18 MP: 1/1
    44 | D:1      | a bat changed into a killer bee
    44 | D:1      | Noticed a killer bee
    47 | D:1      | Killed a killer bee
    48 | D:1      | Reached skill level 6 in Polearms
    48 | D:1      | Reached XP level 2. HP: 24/24 MP: 2/2
    48 | D:1      | Reached XP level 3. HP: 29/29 MP: 3/3
   179 | D:1      | XOM: divination: magic mapping
   372 | D:1      | Reached XP level 4. HP: 35/35 MP: 4/4
  1010 | D:2      | Noticed Sigmund
  1018 | D:2      | XOM: divination: detect creatures
  1023 | D:2      | Killed Sigmund
  1024 | D:2      | Reached skill level 8 in Polearms
  1024 | D:2      | Reached XP level 5. HP: 41/41 MP: 5/5
  1024 | D:2      | Reached XP level 6. HP: 47/47 MP: 6/6
  1129 | D:2      | Found a faded altar of an unknown god.
  1160 | D:2      | XOM: divination: detect creatures
  1262 | D:2      | XOM: give mutation
  1262 | D:2      | Gained mutation: Your muscles are strong. (Str +4, Int/Dex
                  | -1) [Xom's grace]
  1377 | D:3      | Found a glowing drain.
  1393 | Sewer    | Entered a sewer
  1413 | Sewer    | Reached skill level 9 in Polearms
  1452 | Sewer    | XOM: give mutation
  1452 | Sewer    | Gained mutation: You have supernaturally acute eyesight.
                  | (SInv) [Xom's grace]
  1649 | Sewer    | XOM: god gift: condenser vane
  1779 | Sewer    | XOM: god gift: scroll labelled TAUKIU ZAUSUSTAO {god gift}
  1802 | Sewer    | XOM: god gift: 63 gold pieces
  1851 | D:3      | Found a glowing golden altar of the Shining One.
  1954 | D:3      | XOM: noise
  2048 | D:3      | Reached skill level 1 in Evocations
  2428 | D:3      | XOM: stat loss: -1 Int (9/10)
  2582 | D:4      | Found a bloodstained altar of Trog.
  2690 | D:4      | You are cast into the Abyss!
  2690 | Abyss:1  | Cast into level 1 of the Abyss (gnoll)
  2714 | Abyss:1  | Noticed a hellwing
  2717 | Abyss:1  | XOM: swap monsters
  2724 | Abyss:1  | XOM: stat loss: -1 Int (8/10)
  2728 | Abyss:1  | Noticed an orange demon
  2811 | Abyss:1  | Noticed a ynoxinul
  2812 | Abyss:1  | Noticed a lich
  2817 | Abyss:1  | Killed from afar by a lich

Vanquished Creatures
  Sigmund (D:2)
  A killer bee (D:1)
  3 gnolls (D:4)
  2 river rats (Sewer)
  8 adders
  A white imp (D:3)
  A worm (D:4)
  4 dart slugs
  4 bats
  3 endoplasms
  4 giant cockroaches
  4 goblins
  8 hobgoblins
  4 quokkas
  5 ball pythons
  12 frilled lizards
  A goblin skeleton (D:3)
  A goblin zombie (D:3)
  2 hobgoblin zombies (D:3)
  4 kobolds
  A kobold skeleton (D:3)
  A kobold zombie (D:3)
  2 orc skeletons (D:3)
  An orc zombie (D:3)
  9 rats
87 creatures vanquished.

Table legend: (Time is in decaauts)
 A = Elapsed time spent in this place.
 B = Non-inter-level travel time spent in this place.
 C = Inter-level travel time spent in this place.
 D = Time resting spent in this place.
 E = Time spent auto-exploring this place.
 F = Levels seen in this place.
 G = Mean time per level.
                   A        B        C        D        E       F      G
               +--------+--------+--------+--------+--------+-----+--------+
         Total |   2700 |   2608 |     92 |     64 |   1921 |   6 |  450.0 |
       Dungeon |   2206 |   2114 |     92 |      3 |   1723 |   4 |  551.5 |
         Abyss |    126 |    126 |      0 |      0 |      0 |   1 |  126.0 |
         Sewer |    367 |    367 |      0 |     61 |    198 |   1 |  367.0 |
               +--------+--------+--------+--------+--------+-----+--------+

Top non-repeatable levels by time:
     D:1: 819 daAuts
     D:3: 660 daAuts
     D:2: 523 daAuts
   Sewer: 367 daAuts
     D:4: 202 daAuts
 Abyss:1: 126 daAuts

Table legend:
 A = Non-vault XP
 B = Vault XP
 C = Vault XP percentage of total XP
 D = Non-vault monster count
 E = Vault monster count
 F = Vault count percentage of total count
                 A         B        C        D         E       F
            +---------+---------+-------+---------+---------+-------
      Total |     246 |     356 |  59.1 |      54 |      33 |  37.9
            +---------+---------+-------+---------+---------+-------
        D:1 |      93 |       0 |   0.0 |      18 |       0 |   0.0
        D:2 |      35 |     239 |  87.2 |      12 |       1 |   7.7
        D:3 |      61 |      23 |  27.4 |      14 |      13 |  48.1
        D:4 |      57 |       0 |   0.0 |      10 |       0 |   0.0
      Sewer |       0 |      94 | 100.0 |       0 |      19 | 100.0
            +---------+---------+-------+---------+---------+-------
